 Dungeon Crawl Stone Soup version 0.29.0-5-ge4962eb29e (webtiles) character file.

Game seed: 10593990972360430493

116857 benadryl the Severer (level 16, -7/114 HPs)
             Began as a Gargoyle Berserker on Aug 29, 2022.
             Was a High Priest of Trog.
             Mangled by a snapping turtle (11 damage)
             ... on level 4 of the Shoals.
             The game lasted 01:30:43 (35867 turns).

benadryl the Severer (Gargoyle Berserker)          Turns: 35867, Time: 01:30:43

Health: -7/114     AC: 35    Str: 29    XL:     16   Next: 72%
Magic:  16/16      EV: 10    Int:  8    God:    Trog [*****.]
Gold:   817        SH:  5    Dex:  9    Spells: 15/15 levels left

rFire   + + .      SeeInvis +   a - +5 executioner's axe (flame)
rCold   + . .      Faith    .   (shield currently unavailable)
rNeg    + . .      Spirit   .   e - +6 chain mail "Ryreput" {+Blink}
rPois   ∞          Reflect  +   w - +1 helmet of the Poles {Fly rElec}
rElec   +          Harm     .   R - scarf {rC+ rF+}
rCorr   .          Rampage  .   q - +0 pair of gloves
Will    +....                   X - +2 pair of boots
Stlth   ..........              p - amulet of reflection
HPRegen 0.29/turn               Q - ring of see invisible
MPRegen 0.15/turn               S - ring of protection from fire

@: flying
A: sickness immunity, AC +12, big wings, negative energy resistance 1,
electricity resistance, torment resistance 1, petrification resistance
a: Renounce Religion, Evoke Blink, Berserk, Trog's Hand, Brothers in Arms


You were on level 4 of the Shoals.
You worshipped Trog.
Trog was extremely pleased with you.
You visited 5 branches of the dungeon, and saw 26 of its levels.
You visited the Abyss 1 time.
You also visited: Volcano.

You collected 2152 gold pieces.
You spent 1335 gold pieces at shops.

Inventory:

Hand Weapons
 a - a +5 executioner's axe of flaming (weapon)
 b - a +7 battleaxe of freezing
Missiles
 d - 30 poisoned darts
 O - 3 javelins (quivered)
 U - a throwing net
 Y - a curare-tipped dart
Armour
 e - the +6 chain mail "Ryreput" (worn) {+Blink}
   (You bought it in a shop on level 2 of the Orcish Mines)

   +Blink:    It lets you blink.
 i - a +3 scale mail of cold resistance
 q - a +0 pair of gloves (worn)
 u - a +2 cloak of poison resistance
 w - the +1 helmet of the Poles (worn) {Fly rElec}
   (You bought it in a shop on level 7 of the Dungeon)

   rElec:     It insulates you from electricity.
   Fly:       It grants you flight.
 z - the +1 plate armour "Zugopnocw" {Rampage}
   (You found it on level 7 of the Dungeon)

   Rampage:   It bestows one free step when moving towards enemies.
 F - a +0 pair of boots
 J - a +4 chain mail of fire resistance
 R - a scarf of resistance (worn)
 X - a +2 pair of boots (worn)
Jewellery
 p - an amulet of reflection (around neck)
 Q - a ring of see invisible (left hand)
 S - a ring of protection from fire (right hand)
 V - a +6 ring of strength
Wands
 y - a wand of polymorph (28)
 B - a wand of paralysis (9)
 C - a wand of digging (2)
 L - a wand of mindburst (2)
 M - a wand of light (5)
 N - a wand of flame (13)
 T - a wand of iceblast (5)
Scrolls
 c - a scroll of brand weapon
 g - 4 scrolls of vulnerability
 j - 3 scrolls of noise
 k - 2 scrolls of fear
 n - 5 scrolls of fog
 r - 5 scrolls of magic mapping
 s - 2 scrolls of silence
 t - a scroll of torment
 E - a scroll of enchant armour
 G - 5 scrolls of teleportation
 W - 2 scrolls of identify {@r1}
Potions
 f - 8 potions of lignification
 h - 4 potions of heal wounds
 l - 2 potions of ambrosia
 m - 5 potions of might
 o - 3 potions of haste
 v - 8 potions of curing {@q1}
 A - 4 potions of berserk rage
 D - 2 potions of cancellation
 H - a potion of invisibility
 I - 2 potions of mutation
 K - a potion of resistance
Miscellaneous
 x - a piece from Xom's chessboard (15/15)
 P - a box of beasts


   Skills:
 + Level 18.1 Fighting
 + Level 18.3 Axes
 - Level 9.2 Throwing
 * Level 7.2 Armour
 * Level 6.2 Dodging
 - Level 5.1 Evocations


You had 15 spell levels left.
You didn't know any spells.
Your spell library was empty.

Dungeon Overview and Level Annotations

Branches:
Dungeon (14/15)            Temple (0/1) D:6            Lair (5/5) D:9
 Shoals (4/4) Lair:2       Spider (1/4) Lair:2        Slime (0/5) Lair:4
    Orc (2/2) D:11            Elf (0/3) Orc:2        Vaults (0/5) D:13
Volcano (visited)

Altars:
Ashenzari
Cheibriados
Elyvilon
Fedhas
Gozag
Makhleb
Okawaru
Trog
Xom
Yredelemnul

Shops:
D:2 *   D:7 [   Orc:2 [?=[   Shoals:1 *[   Shoals:3 =

Portals:
Abyss: D:5

Annotations:
D:3 2 transporters, themarg's ghost, amateur GnWn
D:5 2 transporters, Strat's ghost, amateur GrFi
Lair:3 3 runed translucent doors, Fuxod's ghost, journeyman GnWn; odiv's ghost, journeyman DsWn; turdburglar's ghost, journeyman MiFi


Innate Abilities, Weirdness & Mutations

You are immune to sickness and miasma.
Your stone body is resilient. (AC +12)
You are immune to poison.
Your large and strong wings let you fly.
You resist negative energy. (rN+)
You are resistant to electric shocks. (rElec)
You are resistant to unholy torment.
You are immune to petrification.


Message History

The water elemental is almost destroyed.
The harpy barely misses you. The harpy claws you but does no damage.
The merfolk hits you but does no damage.
The water elemental hits you.
The snapping turtle completely misses you.
You cut the water elemental into ribbons!!!
You burn the water elemental.
You destroy the water elemental!
Trog accepts your kill. The water engulfing you falls away.
You closely miss the harpy. You block the harpy's attack.
The harpy closely misses you.
The merfolk hits you but does no damage.
The snapping turtle bites you but does no damage. x2
You closely miss the harpy.
The harpy is severely wounded.
The harpy barely misses you. The harpy closely misses you.
You block the harpy's attack. The harpy closely misses you.
The merfolk hits you from afar with a +1 vorpal trident!
The snapping turtle bites you but does no damage. x2
Okay, then.
You slice the harpy!! You burn the harpy.
You kill the harpy!
Trog accepts your kill.
You slash the manticore! You burn the manticore.
The merfolk hits you from afar with a +1 vorpal trident!
The manticore barely misses you.
The manticore claws you but does no damage. x2
The satyr shoots an arrow.
The arrow hits you!
The snapping turtle bites you from afar! x2
* * * LOW HITPOINT WARNING * * *
You block the merfolk's attack.
The merfolk hits you but does no damage.
The manticore bites you!
* * * LOW HITPOINT WARNING * * *
The manticore claws you but does no damage.
You block the manticore's attack.
The satyr shoots an arrow.
The arrow hits you!!
* * * LOW HITPOINT WARNING * * *
The snapping turtle bites you from afar!
You die...

......t...~≈≈≈≈≈≈ .
..#......~≈≈≈≈≈≈
.~###.#......~≈≈≈≈≈≈
....'~~.m.m..~≈≈≈≈≈≈
. ..'~.....H.~≈≈≈≈≈≈
....#~...#...~≈≈≈≈≈≈
#.~.<.##tm~≈≈≈≈≈≈
#.~...t§H§§≈≈≈≈≈≈
##~..cP§@§§≈≈≈≈≈≈
##~~~.m§§§~§≈≈≈≈≈
#~~~~~c§§§§§≈≈≈≈≈
~~~~~~~§~~≈≈≈≈≈≈≈
~~~~~~~~~~≈≈≈≈≈≈≈≈
~~~~~~~~~~≈≈≈≈≈≈≈≈
≈≈≈≈≈≈≈≈≈≈≈≈≈≈≈≈
≈≈≈≈≈≈≈≈≈≈≈≈≈≈≈≈
≈≈≈≈≈≈≈≈≈≈≈≈≈≈≈≈


You could see a satyr, 2 snapping turtles, 2 merfolk and a manticore.

Vanquished Creatures
  2 krakens
  Frances (D:12)
  2 stone giants (Shoals:3)
  A merfolk impaler (Shoals:2)
  A fire dragon (D:13)
  3 boulder beetles
  A catoblepas (Lair:1)
  10 hydras
  7 two-headed ogres
  4 centaur warriors (D:13)
  4 merfolk avatars
  A merfolk aquamancer (Shoals:4)
  3 death yaks (Lair:3)
  5 orc high priests
  A large abomination (Lair:5)
  A skeletal warrior (D:13)
  A pharaoh ant (Spider:1)
  12 sea snakes
  A deep elf knight (D:13)
  2 deep elf zephyrmancers (D:13)
  11 harpies
  2 deep elf pyromancers (D:13)
  2 orc knights
  Pikel (D:9)
  4 orc sorcerers
  A lindwurm (Lair:5)
  An oklob plant (Lair:5)
  8 cyclopes
  4 ugly things
  8 fauns (Shoals:1)
  11 manticores
  4 merfolk sirens
  4 water nymphs
  10 elephants
  15 cane toads
  A smoke demon (Lair:5)
  3 gargoyles
  2 black mambas (Lair:2)
  4 centaur skeletons (D:13)
  A torpor snail (Spider:1)
  A kobold demonologist (D:13)
  2 rime drakes
  An unseen horror (D:12)
  10 komodo dragons
  An efreet (D:13)
  An ancient zyme (Lair:5)
  A demonic crawler (Spider:1)
  14 merfolk
  9 trolls
  5 wind drakes
  A polar bear (Lair:5)
  9 hornets
  Grinder (D:6)
  14 blink frogs
  8 slime creatures (D:12)
  4 tarantellas (Spider:1)
  4 snapping turtles
  2 jumping spiders (Spider:1)
  A shadow (D:12)
  A culicivora (Spider:1)
  A spriggan (Lair:5)
  2 vampires
  4 wraiths
  39 yaks
  11 water elementals
  A wyvern (D:10)
  A ynoxinul (Lair:5)
  Grum (D:11)
  9 basilisks
  4 fire bats
  A hog (shapeshifter) (Lair:5)
  2 steam dragons (D:9)
  2 chaos spawn (Lair:5)
  6 redbacks
  2 wargs
  3 vampire mosquitoes (D:11)
  9 small abominations (Lair:5)
  4 water moccasins
  3 acid dragons
  A floating eye (D:13)
  3 hell hounds (Volcano)
  Duvessa (D:6)
  22 orc warriors
  5 black bears
  8 ogres
  A sky beast (D:7)
  15 wolves
  10 centaurs
  2 lemures (D:9)
  A kobold brigand (D:8)
  11 bullfrogs
  2 necrophages
  3 scorpions
  A gnoll sergeant (D:4)
  4 wights (D:8)
  Dowan (D:6)
  12 killer bees
  7 howler monkeys
  5 electric eels (D:9)
  A quasit (D:4)
  A crimson imp (D:3)
  5 hounds
  A jelly (D:5)
  32 orc priests
  Ijyb (D:3)
  7 hell rats (Lair:3)
  3 iguanas (D:6)
  27 orc wizards
  Robin (D:2)
  11 adders
  3 gnolls (D:4)
  A shadow imp (D:5)
  4 white imps
  3 ufetubi
  A worm (D:3)
  5 dart slugs
  58 orcs
  5 endoplasms
  A giant cockroach (D:1)
  9 hobgoblins
  7 jackals
  6 kobolds
  3 quokkas
  9 ball pythons
  4 bats
  3 frilled lizards
  18 goblins
  10 rats
  3 tentacles
713 creatures vanquished.

Vanquished Creatures (collateral kills)
  A sea snake (Shoals:3)
  A harpy (Shoals:4)
  A cyclops (Shoals:3)
  2 snapping turtles (Shoals:3)
  An orc priest (Orc:2)
6 creatures vanquished.

Vanquished Creatures (others)
  A bush (Lair:4)
  2 demonic plants (D:4)
  22 fungi
  93 plants
  9 tentacles
127 creatures vanquished.

Grand Total: 846 creatures vanquished

Notes
Turn   | Place    | Note
-------+----------+-------------------------------------------
     0 | D:1      | benadryl the Gargoyle Berserker began the quest for the
                  | Orb.
     0 | D:1      | Reached XP level 1. HP: 14/14 MP: 1/1
   145 | D:1      | Reached XP level 2. HP: 19/19 MP: 2/2
   559 | D:1      | Reached XP level 3. HP: 15/24 MP: 3/3
   561 | D:1      | Reached ** piety under Trog
   943 | D:1      | Found a faded altar of an unknown god.
   944 | D:1      | Noticed a floating eye
   946 | D:1      | Noticed a shining eye
   946 | D:1      | Noticed a golden eye
   946 | D:1      | Noticed a golden eye
  1283 | D:2      | Noticed Robin
  1629 | D:2      | Killed Robin
  1630 | D:2      | Reached XP level 4. HP: 29/29 MP: 4/4
  2221 | D:2      | Found Hefanuha's Assorted Antiques.
  2606 | D:2      | Reached XP level 5. HP: 34/34 MP: 5/5
  3071 | D:3      | Found a transporter.
  3371 | D:3      | Reached skill level 5 in Axes
  3553 | D:3      | Found a transporter.
  3583 | D:3      | Noticed themarg's ghost (amateur GnWn)
  3583 | D:3      | Noticed a phantom
  3599 | D:3      | Noticed Ijyb
  3605 | D:3      | Paralysed by Ijyb for 4 turns
  3633 | D:3      | Paralysed by Ijyb for 2 turns
  3637 | D:3      | Paralysed by Ijyb for 4 turns
  3672 | D:3      | Killed Ijyb
  3673 | D:3      | Reached XP level 6. HP: 25/40 MP: 6/6
  4260 | D:3      | Found a burning altar of Makhleb.
  4261 | D:3      | Found a shimmering altar of Xom.
  4268 | D:3      | Reached skill level 5 in Fighting
  4583 | D:3      | Noticed a moth of wrath
  4586 | D:3      | Found a bloodstained altar of Trog.
  4929 | D:4      | Reached XP level 7. HP: 29/44 MP: 7/7
  5502 | D:5      | Entered Level 5 of the Dungeon
  5536 | D:5      | Found a basalt altar of Yredelemnul.
  5541 | D:5      | Found a transporter.
  5553 | D:5      | Found a transporter.
  5878 | D:5      | Reached XP level 8. HP: 36/52 MP: 8/8
  6037 | D:5      | Found a one-way gate to the infinite horrors of the Abyss.
  6037 | D:5      | Noticed Strat's ghost (amateur GrFi)
  6727 | D:6      | Reached *** piety under Trog
  6881 | D:6      | Noticed Duvessa
  6881 | D:6      | Noticed Dowan
  6895 | D:6      | Killed Duvessa
  6900 | D:6      | Killed Dowan
  6967 | D:6      | Found a staircase to the Ecumenical Temple.
  7120 | D:6      | Noticed Grinder
  7147 | D:6      | Killed Grinder
  7148 | D:6      | Reached XP level 9. HP: 59/59 MP: 9/9
  7527 | D:7      | Found Byuraokh's Antique Armour Shoppe.
  7534 | D:7      | Bought a twisted helmet for 304 gold pieces
  7534 | D:7      | Identified the +1 helmet of the Poles {Fly rElec} (You
                  | bought it in a shop on level 7 of the Dungeon)
  7566 | D:7      | Identified the +1 plate armour "Zugopnocw" {Rampage}
  8635 | D:8      | Reached skill level 10 in Axes
  8733 | D:8      | Found an opulent altar of Gozag.
  9306 | D:9      | Noticed Pikel
  9317 | D:9      | Killed Pikel
  9318 | D:9      | Reached XP level 10. HP: 17/66 MP: 10/10
 10286 | D:9      | Found a blossoming altar of Fedhas.
 10292 | D:9      | Found a snail-covered altar of Cheibriados.
 10312 | D:9      | Found a staircase to the Lair.
 10339 | D:9      | Noticed a cyclops
 10344 | D:9      | Killed a cyclops
 10361 | D:9      | Found a white marble altar of Elyvilon.
 10695 | Lair:1   | Entered Level 1 of the Lair of Beasts
 10715 | Lair:1   | Noticed a cane toad
 10725 | Lair:1   | Killed a cane toad
 10726 | Lair:1   | Reached skill level 10 in Fighting
 11138 | Lair:1   | Noticed a cane toad
 11152 | Lair:1   | Killed a cane toad
 11287 | Lair:1   | Noticed a cane toad
 11287 | Lair:1   | Noticed an elephant
 11300 | Lair:1   | Killed an elephant
 11306 | Lair:1   | Killed a cane toad
 11307 | Lair:1   | Reached XP level 11. HP: 73/73 MP: 11/11
 11856 | Lair:1   | Noticed a catoblepas
 11869 | Lair:1   | Killed a catoblepas
 12966 | Lair:2   | Found a hole to the Spider Nest.
 13012 | Lair:2   | Found a staircase to the Shoals.
 13435 | Lair:2   | Noticed a five-headed hydra
 13439 | Lair:2   | Killed a three-headed hydra
 13482 | Lair:2   | Noticed an eight-headed hydra
 13489 | Lair:2   | Killed a five-headed hydra
 13490 | Lair:2   | Reached XP level 12. HP: 41/81 MP: 12/12
 13910 | Lair:2   | Noticed a boulder beetle
 13926 | Lair:2   | Killed a boulder beetle
 14122 | Lair:3   | Noticed a four-headed hydra
 14127 | Lair:3   | Killed a one-headed hydra
 14227 | Lair:3   | Reached **** piety under Trog
 14266 | Lair:3   | Found a dark tunnel.
 14269 | Lair:3   | Reached skill level 15 in Axes
 14287 | Volcano  | Entered a volcano
 14315 | Volcano  | Noticed a two-headed ogre
 14315 | Volcano  | Noticed a two-headed ogre
 14315 | Volcano  | Noticed a two-headed ogre
 14319 | Volcano  | Killed a two-headed ogre
 14321 | Volcano  | Killed a two-headed ogre
 14321 | Volcano  | Killed a two-headed ogre
 14508 | Volcano  | Noticed a two-headed ogre
 14508 | Volcano  | Noticed a two-headed ogre
 14514 | Volcano  | Killed a two-headed ogre
 14515 | Volcano  | Killed a two-headed ogre
 15259 | Lair:3   | Reached XP level 13. HP: 89/89 MP: 13/13
 15364 | Lair:3   | Found a runed translucent gate.
 15364 | Lair:3   | Found a runed translucent gate.
 15368 | Lair:3   | Found a runed translucent gate.
 15368 | Lair:3   | Noticed Fuxod's ghost (journeyman GnWn)
 15368 | Lair:3   | Noticed odiv's ghost (journeyman DsWn)
 15368 | Lair:3   | Noticed turdburglar's ghost (journeyman MiFi)
 16449 | Lair:4   | Found a staircase to the Slime Pits.
 16998 | Lair:5   | Entered Level 5 of the Lair of Beasts
 17192 | Lair:5   | Reached skill level 1 in Evocations
 18461 | Lair:5   | Reached skill level 15 in Fighting
 18581 | Lair:5   | Gained mutation: Your large and strong wings let you fly.
                  | [Gargoyle growth]
 18581 | Lair:5   | Reached XP level 14. HP: 91/98 MP: 14/14
 18586 | Lair:5   | Reached skill level 1 in Throwing
 18792 | Lair:5   | Identified the +9 halberd of Theory {drain, rPois rC+
                  | Str+4}
 19067 | Abyss:2  | Cast into level 2 of the Abyss (spriggan)
 19091 | Lair:5   | Escaped the Abyss
 19461 | D:10     | Entered Level 10 of the Dungeon
 19554 | D:10     | Identified the +11 dagger "Saecs" {venom, rC+ rN+ Str-2
                  | Int+5}
 19931 | D:10     | Found an iron altar of Okawaru.
 19967 | D:10     | Found a broken altar of Ashenzari.
 20445 | D:11     | Reached ***** piety under Trog
 20488 | D:11     | Found a staircase to the Orcish Mines.
 20836 | D:11     | Noticed Grum
 20849 | D:11     | Killed Grum
 20933 | Orc:1    | Entered Level 1 of the Orcish Mines
 21823 | Orc:2    | Entered Level 2 of the Orcish Mines
 23232 | Orc:2    | Reached skill level 5 in Throwing
 24307 | Orc:2    | Paralysed by an orc sorcerer for 2 turns
 24311 | Orc:2    | Paralysed by an orc sorcerer for 4 turns
 24489 | Orc:2    | Found a staircase to the Elven Halls.
 24591 | Orc:2    | Found Guutzima's Magic Scroll Boutique.
 24591 | Orc:2    | Found Elosud's Armour Boutique.
 24594 | Orc:2    | Found Ugud Ycon's Jewellery Shop.
 24596 | Orc:2    | Found Ziamysug's Antique Armour Shop.
 24604 | Orc:2    | Bought a twisted chain mail for 218 gold pieces
 24604 | Orc:2    | Identified the +6 chain mail "Ryreput" {+Blink} (You bought
                  | it in a shop on level 2 of the Orcish Mines)
 24615 | Orc:2    | Bought a scroll of fog for 72 gold pieces
 24615 | Orc:2    | Bought a scroll of blinking for 135 gold pieces
 24615 | Orc:2    | Bought a scroll of magic mapping for 135 gold pieces
 24615 | Orc:2    | Bought a scroll of teleportation for 54 gold pieces
 24616 | Orc:2    | Bought a +0 pair of gloves for 67 gold pieces
 24622 | Orc:2    | Bought a ring of protection from fire for 350 gold pieces
 25069 | D:12     | Received a gift from Trog
 25184 | D:12     | Noticed Frances
 25191 | D:12     | Killed Frances
 25619 | D:12     | Reached XP level 15. HP: 96/105 MP: 15/15
 25626 | D:12     | Identified the +8 hand axe of Uskayaw's Displeasure {flame,
                  | rPois rF+ Str-5}
 27150 | Spider:1 | Entered Level 1 of the Spider Nest
 28883 | D:13     | Found a gate to the Vaults.
 28946 | D:13     | Reached skill level 5 in Evocations
 29839 | Shoals:1 | Entered Level 1 of the Shoals
 30033 | Shoals:1 | Found Gitzosk's Antique Armour Shop.
 30877 | Shoals:1 | Received a gift from Trog
 31215 | Shoals:1 | Noticed a kraken
 31232 | Shoals:1 | Killed a kraken
 31233 | Shoals:1 | Reached XP level 16. HP: 10/114 MP: 16/16
 32036 | Shoals:1 | Found Efuul's Assorted Antiques.
 32803 | Shoals:2 | Reached skill level 5 in Armour
 32920 | Shoals:2 | Noticed a kraken
 32931 | Shoals:2 | Killed a kraken
 32996 | Shoals:2 | Reached skill level 5 in Dodging
 34021 | Shoals:3 | HP: 4/114 [sea snake (6)]
 34344 | Shoals:3 | Found Weasaamn's Jewellery Shop.
 34562 | Shoals:3 | Received a gift from Trog
 34869 | Shoals:4 | Entered Level 4 of the Shoals
 35047 | Shoals:4 | Identified the +0 ring mail of Disguise {Int+2 Stlth+}
 35867 | Shoals:4 | HP: 4/114 [satyr/arrow (19)]
 35867 | Shoals:4 | Mangled by a snapping turtle

Illustrated notes

Levels and vault maps discovered:
D:1:      minmay_arrival_glassed_features, layout_rooms,
          hellmonk_ecumenical_altar_watching_god, serial_glass, glass_columns_b,
          glass_columns_c
D:2:      minmay_thinvault, layout_basic, serial_shops,
          nicolae_shop_advertising_works [nicolae_subvault_shop_adworks],
          minmay_misc_feat_secret_circle, uniq_robin
D:3:      layout_loops_cross, grunt_temple_overflow_champion_of_chaos, tgw_trog,
          gammafunk_ghost_mausoleum, uniq_ijyb
D:4:      layout_basic, serial_demonic, serial_demonic_g, serial_demonic_f,
          serial_demonic_b, serial_demonic_b
D:5:      layout_rooms, mainiacjoe_overflow_chevrons,
          gammafunk_ghost_abyssal_escape
D:6:      hellmonk_ruined_rings, layout_basic, uniq_grinder, uniq_duvessa
D:7:      layout_gridville, serial_shops, shop
D:8:      layout_basic, grunt_gozag_statues
D:9:      minmay_klotski, layout_cave_pools, mainiacjoe_overflow_catwalk,
          chequers_temple_overflow_statue_of_worship, grunt_decor_one_mirror,
          serial_bayou_lake_a, uniq_pikel
D:10:     layout_long_grid, cheibrodos_ashenzari_chains, kennysheep_mini_moat,
          grunt_decor_resistance
D:11:     layout_roguey, erik_orc_2, uniq_grum
D:12:     layout_stronghold, minmay_fractal_squares_gapless_5, uniq_frances
D:13:     layout_stronghold, hangedman_vaults_entry_quadrant_bands,
          onia_ninara_cookie
D:14:     layout_roguey [special_room_orc], minivault_19,
          kennysheep_generic_room_14, uniq_josephine, uniq_roxanne
Lair:1:   layout_cave_pods, chequers_serial_rivers_micro_e, st_stairs_12,
          beast_lair_carwin_10
Lair:2:   cheibrodos_lair_overgrown_chateau, layout_cave_pods,
          shoals_dummy_entry, spider_nest_entry_webs, minmay_holes,
          lemuel_fruit_tree
Lair:3:   layout_long_grid, gammafunk_ghost_cemetery,
          nicolae_volcano_entry_batcave, dreamdust_wasp_nest,
          grunt_megastairs_3, infiniplex_staircase_pool
Lair:4:   layout_loops_ring, dpeg_slime_entry_corner
Lair:5:   hellmonk_lair_end_abyssal_woods, layout_layer_cave, grunt_megastairs_4
Shoals:1: layout_shoals, serial_shops, shop_fountains, shop,
          nicolae_shoals_water_elemental_grotto
Shoals:2: layout_shoals, nicolae_shoals_loop_pool
Shoals:3: layout_shoals, serial_shops, shop, hangedman_shoals_cup_caves
Shoals:4: shoals_end_hellmonk_lost_city
Spider:1: layout_spider_delve
Orc:1:    layout_diamond_mine, nicolae_orc_lava_room
Orc:2:    st_orc_mages, layout_caves

Skill      XL: |  1  2  3  4  5  6  7  8  9 10 11 12 13 14 15 16 |
---------------+-------------------------------------------------+-----
Axes           | 3 4 5 6 7 8 10 12 14 15 17 18 | 18.3
Fighting       | 4 5 6 7 9 10 12 13 15 16 17 18 | 18.1
Dodging        | 2 3 6 |  6.2
Evocations     | 2 3 5 |  5.1
Throwing       | 6 9 |  9.2
Armour         | 3 7 |  7.2

Action                   |  1- 3 |  4- 6 |  7- 9 | 10-12 | 13-15 | 16-18 || total
-------------------------+-------+-------+-------+-------+-------+-------++-------
Melee: Hand axe          |   104 |   308 |   353 |       |       |       ||   765
       Punch             |       |     1 |     5 |       |       |       ||     6
       Battleaxe         |       |       |    10 |   329 |   906 |   205 ||  1450
       Executioner's axe |       |       |       |       |       |    26 ||    26
Throw: Dart              |     1 |       |     3 |       |     1 |       ||     5
       Javelin           |       |       |       |       |    12 |     2 ||    14
Invok: Berserk           |     2 |     1 |    10 |    11 |    13 |     4 ||    41
       Trog's Hand       |       |     2 |     3 |     2 |     7 |       ||    14
       Brothers in Arms  |       |       |       |       |     3 |     3 ||     6
 Abil: Evoke Blink       |       |       |       |       |       |     1 ||     1
Evoke: Wand              |       |       |       |       |     5 |     2 ||     7
       Box of beasts     |       |       |       |       |     1 |       ||     1
  Use: Scroll            |       |    13 |    13 |     6 |    14 |     4 ||    50
       Potion            |       |     1 |       |       |     1 |     1 ||     3
Armor: Animal skin       |    51 |       |       |       |       |       ||    51
       Leather armour    |       |   102 |       |       |       |       ||   102
       Scale mail        |       |   127 |   194 |       |       |       ||   321
       Plate armour      |       |       |    84 |   263 |       |       ||   347
       Chain mail        |       |       |       |    40 |   736 |   190 ||   966
Dodge: Dodged            |    61 |   174 |   185 |   124 |   385 |   107 ||  1036
Block: Other             |       |       |       |       |   145 |    62 ||   207
       Reflection        |       |       |       |       |    22 |     4 ||    26
